 Dungeon Crawl Stone Soup version 0.19.5 (console) character file.

4525 CALLOUS the Grappler (level 10, -15/51 HPs)
             Began as a Vine Stalker Hunter on May 14, 2017.
             Was a Believer of Kikubaaqudgha.
             Killed from afar by Harold (26 damage)
             ... with a bolt of fire
             ... on level 10 of the Dungeon.
             The game lasted 03:13:04 (10143 turns).

CALLOUS the Grappler (Vine Stalker Hunter)         Turns: 10143, Time: 03:13:04

Health: -15/51     AC:  8    Str: 18    XL:     10   Next: 39%
Magic:  0/19       EV:  6    Int: 11    God:    Kikubaaqudgha [**....]
Gold:   364        SH:  0    Dex: 15    Spells: 6 memorised, 4 levels left

rFire  . . .     SeeInvis .     b - +0 shortbow (flame)
rCold  . . .     Gourm    .     U - +0 leather armour
rNeg   . . .     Faith    .     (shield currently unavailable)
rPois  .         Spirit   +     o - +2 helmet
rElec  .         Reflect  .     e - +0 cloak
rCorr  .         Harm     .     C - +0 pair of gloves
MR     +....                    (no boots)
Stlth  ++........               (no amulet)
                                (no ring)
                                (no ring)

@: held
A: fangs 3, regeneration 1, magic shield, antimagic bite, no device heal 3, rot
immunity
a: Receive Corpses, Renounce Religion


You were on level 10 of the Dungeon.
You worshipped Kikubaaqudgha.
Kikubaaqudgha was pleased with you.
You were not hungry.

You visited 2 branches of the dungeon, and saw 11 of its levels.

You collected 364 gold pieces.

Inventory:

Hand Weapons
 a - a +1 dagger of venom
 b - a +0 shortbow of flaming (weapon)
 B - a +0 scimitar of slicing
 H - the +0 hunting sling of Quantum Leap {freeze, rPois Str-2 Int+3, unknown}
   (You found it on level 9 of the Dungeon)

   It causes projectiles fired from it to freeze those they strike, causing
   extra injury to most foes and up to half again as much damage against
   particularly susceptible opponents.
   They can also slow down cold-blooded creatures.
   It affects your strength (-2).
   It affects your intelligence (+3).
   It protects you from poison.
 M - the +7 long sword of the Traitor {slice, rPois rF+++ Str-2 Dex+4, unknown}
   (You found it on level 4 of the Dungeon)

   It inflicts extra damage upon your enemies.
   It affects your strength (-2).
   It affects your dexterity (+4).
   It renders you almost immune to fire.
   It protects you from poison.
 P - a +3 blowgun
 Q - a +0 hunting sling
 S - a +1 flail of protection
 Y - a +1 falchion of holy wrath
Missiles
 c - 6 javelins
 d - 2 throwing nets
 i - 249 stones
 q - 151 arrows (quivered)
 D - 57 poisoned needles
 X - 5 tomahawks
Armour
 e - a +0 cloak (worn)
 o - a +2 helmet (worn)
 C - a +0 pair of gloves (worn)
 U - a +0 leather armour (worn)
 Z - a +2 scale mail of poison resistance
Jewellery
 g - an uncursed ring of stealth {unknown}
 h - a cursed -5 ring of slaying {unknown}
 m - an uncursed ring of wizardry {unknown}
 r - an uncursed ring of positive energy {unknown}
 z - the amulet "Cauvyez" {Faith Str+2 Int+3 Dex+4, unknown}
   (You found it on level 4 of the Dungeon)

   [amulet of faith]

   It allows you to gain divine favour quickly.
   It affects your strength (+2).
   It affects your intelligence (+3).
   It affects your dexterity (+4).
 K - an uncursed ring of stealth {unknown}
 O - an uncursed ring of positive energy {unknown}
Wands
 I - a wand of digging (9/24)
Scrolls
 k - 3 scrolls of magic mapping {unknown}
 l - 3 scrolls of identify {unknown}
 n - 3 scrolls of remove curse {unknown}
 s - 3 scrolls of fog {unknown}
 t - a scroll of noise {unknown}
 v - 2 scrolls of immolation {unknown}
 w - 2 scrolls of enchant armour {unknown}
 y - a scroll of amnesia {unknown}
 A - a scroll of enchant weapon {unknown}
 F - 2 scrolls of recharging {unknown}
 J - a scroll of teleportation {unknown}
 T - a scroll of holy word {unknown}
Potions
 x - 2 potions of invisibility
 G - 2 potions of curing
 L - 2 potions of brilliance
 N - a potion of haste
Books
 E - Kikubaaqudgha's Papyrus of Stolen Souls
   (Kikubaaqudgha gifted it to you on level 6 of the Dungeon)

   Spells                             Type                      Level
   a - Pain                           Necromancy                   1
   b - Corpse Rot                     Necromancy                   2
   c - Sublimation of Blood           Necromancy                   2
   d - Vampiric Draining              Necromancy                   3
   e - Control Undead                 Necromancy                   4
 V - a book of Conjurations

   Spells                             Type                      Level
   a - Magic Dart                     Conjuration                  1
   b - Searing Ray                    Conjuration                  2
   c - Dazzling Spray                 Conjuration/Hexes            3
   d - Fulminant Prism                Conjuration/Hexes            4
   e - Iskenderun's Mystic Blast      Conjuration                  4
   f - Iskenderun's Battlesphere      Conjuration/Charms           5
 W - a book of Battle

   Spells                             Type                      Level
   a - Infusion                       Charms                       1
   b - Shroud of Golubria             Charms/Translocation         2
   c - Song of Slaying                Charms                       2
   d - Spectral Weapon                Hexes/Charms                 3
   e - Regeneration                   Charms/Necromancy            3
Comestibles
 f - 8 bread rations
 j - 4 beef jerkies
 p - a chunk of flesh
 u - 2 slices of pizza
 R - 3 meat rations


   Skills:
 + Level 5.0 Fighting
 - Level 3.6 Throwing
 + Level 2.5 Armour
 + Level 1.9 Dodging
 + Level 4.0 Stealth
 * Level 11.2 Unarmed Combat
 * Level 5.3 Spellcasting
 * Level 3.0 Necromancy


You had 4 spell levels left.
You knew the following spells:

 Your Spells              Type           Power        Failure   Level  Hunger
a - Shroud of Golubria    Chrm/Tloc      #.........   41%         2    ##.....
b - Regeneration          Chrm/Necr      #.........   45%         3    ###....
c - Pain                  Necr           #...         10%         1    None
d - Corpse Rot            Necr           N/A          14%         2    ##.....
e - Vampiric Draining     Necr           #.........   24%         3    ###....
f - Control Undead        Necr           #.........   80%         4    ####...


Dungeon Overview and Level Annotations

Branches:
Dungeon (10/15)            Temple (1/1) D:4             Orc (0/2) D:9
   Lair: D:8-11

Altars:
Ashenzari
Cheibriados
Dithmenos
Elyvilon
Fedhas
Gozag
Hepliaklqana
Kikubaaqudgha
Makhleb
Nemelex Xobeh
Okawaru
Ru
Sif Muna
Trog
Uskayaw
Vehumet
Xom
Yredelemnul
Zin
The Shining One

Annotations:
D:2 1 exclusion
D:4 exclusions: hound and worker ant, Sigmund
D:6 Prince Ribbit
D:7 exclusion: killer bee
D:8 Maurice
D:9 exclusions: hydra and worker ant, Joseph
D:10 Harold


Innate Abilities, Weirdness & Mutations

You have razor-sharp teeth.
Your natural rate of healing is unusually fast.
When hurt, damage is shared between your health and your magic reserves.
Your bite disrupts and absorbs the magic of your enemies.
Potions and wands cannot restore your health.
You are immune to rotting.


Message History

You shred the net and break free!
Harold throws a throwing net.
The throwing net hits you.
You become entangled in the net!
You see here a throwing net.
You struggle against the net.
Harold points at you and mumbles some strange words.
The bolt of fire hits you!
You struggle against the net.
You rip the net and break free!
Harold hits you with a war axe!
* * * LOW HITPOINT WARNING * * *
Things that are here:
45 sling bullets; a dagger; an orc skeleton Unknown command.
Harold throws a throwing net.
The throwing net hits you.
You become entangled in the net!
You see here a throwing net.
You tear a large gash into the net.
Harold casts a spell at you. The bolt of fire hits you!
Ouch! That really hurt!
You die...
Kikubaaqudgha rasps: "You have failed me!
Welcome... death!"

≈≈≈≈≈≈≈≈#
≈≈o≈(≈≈≈#
#≈≈≈≈≈≈. #(≈≈≈≈#
#(#≈≈##.. #..#
#@# ##(## #.#
#.@# #.# ##.# #.#
#(###.#
#####.@##+##
#..........#
#..........#
#..........#
#..........#
#..........#
#..........#
#..........#
#..........+
#..........#
######..........#


You could see Harold.

Vanquished Creatures
  A hippogriff (D:9)
  4 yaks (D:9)
  4 vampire mosquitoes
  Duvessa (D:6)
  3 orc warriors (D:6)
  A sky beast (D:5)
  4 phantoms
  3 necrophages (D:7)
  3 ogres
  5 centaurs
  2 big kobolds
  A bullfrog (D:6)
  Dowan (D:6)
  A killer bee (D:7)
  3 wights (D:7)
  4 crimson imps
  A bullfrog zombie (D:7)
  3 hounds
  3 jellies
  2 orc priests
  A centaur skeleton (D:4)
  7 orc wizards
  An iguana (D:6)
  Natasha (thrice) (D:3)
  3 worker ants
  A mummy (D:7)
  2 worker ant zombies
  A howler monkey zombie (D:7)
  12 adders
  A shadow imp (D:5)
  An ooze (D:1)
  2 adder skeletons
  2 worms
  A dart slug (D:1)
  5 leopard geckos
  30 orcs
  2 ball pythons
  7 bats
  4 giant cockroaches
  7 goblins
  11 hobgoblins
  3 jackals (D:1)
  3 quokkas
  A ball python skeleton (D:5)
  9 frilled lizards
  11 kobolds
  2 leopard gecko skeletons
  A quokka zombie (D:6)
  8 rats
192 creatures vanquished.

Notes
Turn   | Place    | Note
-------+----------+-------------------------------------------
     0 | D:1      | CALLOUS the Vine Stalker Hunter began the quest for the Orb.
     0 | D:1      | Reached XP level 1. HP: 11/11 MP: 2/2
   597 | D:1      | Reached skill level 1 in Unarmed Combat
   648 | D:1      | Reached XP level 2. HP: 14/15 MP: 2/4
   814 | D:1      | Reached skill level 1 in Spellcasting
  1052 | D:1      | Reached XP level 3. HP: 18/18 MP: 6/6
  1465 | D:2      | Reached skill level 2 in Unarmed Combat
  1789 | D:3      | Gained mutation: Your natural rate of healing is unusually fast. [Vine Stalker growth]
  1789 | D:3      | Reached XP level 4. HP: 17/23 MP: 3/7
  1918 | D:4      | Got a scintillating silver amulet
  2050 | D:3      | Reached skill level 3 in Unarmed Combat
  2379 | D:2      | Reached XP level 5. HP: 26/26 MP: 8/8
  2950 | D:3      | Noticed Natasha
  2952 | D:3      | Killed Natasha
  2959 | D:3      | Reached skill level 4 in Unarmed Combat
  2979 | D:3      | Noticed Natasha
  2993 | D:3      | Killed Natasha
  3092 | D:3      | Noticed Natasha
  3096 | D:3      | Killed Natasha
  3186 | D:4      | Reached XP level 6. HP: 31/31 MP: 8/10
  3451 | D:4      | Noticed Sigmund
  3520 | D:4      | Found a staircase to the Ecumenical Temple.
  3524 | Temple   | Entered the Ecumenical Temple
  3777 | D:4      | Got a bone long sword
  3835 | D:4      | Found a snail-covered altar of Cheibriados.
  3839 | D:5      | Entered Level 5 of the Dungeon
  3954 | D:5      | Noticed a phantom
  4054 | D:5      | Killed a phantom
  4054 | D:5      | Reached skill level 5 in Unarmed Combat
  4158 | D:5      | Noticed a phantom
  4158 | D:5      | Noticed a sky beast
  4385 | D:5      | Killed a phantom
  4385 | D:5      | Reached skill level 6 in Unarmed Combat
  4385 | D:5      | Reached XP level 7. HP: 35/35 MP: 11/11
  5207 | D:5      | Reached skill level 7 in Unarmed Combat
  5376 | D:6      | Learned a level 2 spell: Shroud of Golubria
  5380 | D:6      | Learned a level 3 spell: Regeneration
  5500 | D:6      | Gained mutation: You have razor-sharp teeth. [Vine Stalker growth]
  5500 | D:6      | Reached XP level 8. HP: 39/39 MP: 13/13
  5661 | D:6      | Noticed Prince Ribbit
  5833 | D:6      | Found a hide-covered altar of Uskayaw.
  5910 | D:6      | Found a shadowy altar of Dithmenos.
  5966 | D:6      | Noticed Dowan
  5969 | D:6      | Noticed Duvessa
  5975 | D:6      | Killed Duvessa
  5975 | D:6      | Reached skill level 8 in Unarmed Combat
  5985 | D:6      | Killed Dowan
  6592 | D:7      | Reached skill level 9 in Unarmed Combat
  6687 | D:7      | Reached XP level 9. HP: 45/45 MP: 14/16
  7130 | D:8      | Noticed Maurice
  7431 | D:6      | Found a faded altar of an unknown god.
  7431 | D:6      | Found a faded altar of an unknown god.
  7437 | D:6      | Found a burning altar of Makhleb.
  7439 | D:6      | Became a worshipper of Kikubaaqudgha
  7439 | D:6      | Reached * piety under Kikubaaqudgha
  7439 | D:6      | Identified Kikubaaqudgha's Papyrus of Stolen Souls (Kikubaaqudgha gifted it to you on level 6 of the Dungeon)
  7439 | D:6      | Received a gift from Kikubaaqudgha
  7443 | D:6      | Learned a level 1 spell: Pain
  7446 | D:6      | Learned a level 2 spell: Corpse Rot
  7450 | D:6      | Learned a level 3 spell: Vampiric Draining
  7455 | D:6      | Learned a level 4 spell: Control Undead
  7457 | D:6      | Found a faded altar of an unknown god.
  7459 | D:6      | Found a faded altar of an unknown god.
  7886 | D:6      | Reached skill level 10 in Unarmed Combat
  7975 | D:5      | Reached skill level 1 in Necromancy
  8285 | D:6      | Reached ** piety under Kikubaaqudgha
  8539 | D:7      | Reached skill level 1 in Armour
  8882 | D:9      | Found a shattered altar of Ashenzari.
  8942 | D:9      | Noticed an eight-headed hydra
  9045 | D:9      | Reached XP level 10. HP: 51/51 MP: 18/18
  9094 | D:9      | Reached skill level 5 in Spellcasting
  9133 | D:9      | Reached skill level 11 in Unarmed Combat
  9190 | D:9      | Found a white marble altar of Elyvilon.
  9240 | D:9      | Got a jewelled hunting sling
  9502 | D:9      | Found a sacrificial altar of Ru.
  9505 | D:9      | Found a basalt altar of Yredelemnul.
  9508 | D:9      | Found an ancient bone altar of Kikubaaqudgha.
  9511 | D:9      | Found a shimmering altar of Xom.
  9589 | D:9      | Found a staircase to the Orcish Mines.
  9608 | D:9      | Noticed Joseph
  9771 | D:10     | Entered Level 10 of the Dungeon
  9960 | D:9      | Reached skill level 5 in Fighting
 10093 | D:10     | Noticed Harold
 10143 | D:10     | Killed from afar by Harold

Skill      XL: |  1  2  3  4  5  6  7  8  9 10 |
---------------+-------------------------------+-----
Unarmed Combat | 1 2 3 4 6 7 9 10 11 | 11.2
Spellcasting   | 1 2 3 4 5 |  5.3
Fighting       | 2 3 4 5 |  5.0
Stealth        | 2 3 4 |  4.0
Necromancy     | 2 3 |  3.0
Armour         | 1 2 |  2.5
Throwing       | |  3.6
Dodging        | |  1.9

Action                   |  1- 3 |  4- 6 |  7- 9 | 10-12 || total
-------------------------+-------+-------+-------+-------++-------
Melee: Unarmed           |   108 |   124 |   241 |    73 ||   546
       Bite              |    22 |    34 |    62 |    20 ||   138
       Short sword       |     5 |     5 |     1 |       ||    11
       Punch             |       |     4 |    17 |     2 ||    23
       Dagger            |       |       |     1 |       ||     1
 Fire: Shortbow          |       |       |   198 |    37 ||   235
Throw: Stone             |    86 |   216 |    67 |     6 ||   375
       Javelin           |     3 |    24 |     2 |     1 ||    30
       Tomahawk          |       |       |     2 |       ||     2
 Cast: Shroud of Golubri |       |       |       |     1 ||     1
  Use: Potion            |     2 |     5 |     5 |       ||    12
 Stab: Sleeping          |     1 |     1 |     2 |       ||     4
  Eat: Chunk             |     3 |     5 |    12 |     4 ||    24
       Meat ration       |       |     1 |       |       ||     1
Armor: Leather armour    |    25 |    30 |    56 |    19 ||   130
Dodge: Dodged            |    68 |    49 |   118 |    50 ||   285
